[ AOE2 MATCH · #462030836 ]
Team RMPersians vs Franks
[ REPLAY ANALYSIS · EXTRACTED FROM THE RECORDED GAME ]
Feudal
11:42
Castle
14:53
Imperial
30:56
| APM avg | 30.2 |
| APM peak | 75 |
| eAPM avg | 24.1 |
| Villagers / military | 234 / 270 |
Focus
⚔️ 24.9% · 🌾 75.1%
War Elephant ×267 · Trade Cart ×18 · Monk ×3
Feudal
11:20
Castle
29:50
Imperial
45:34
| APM avg | 36.4 |
| APM peak | 58 |
| eAPM avg | 21.1 |
| Villagers / military | 150 / 162 |
Focus
⚔️ 43.1% · 🌾 56.9%
Cavalry Archer ×127 · Skirmisher ×18 · Fishing Ship ×8 · Trade Cart ×6 · Archer ×5 · Spearman ×4
Feudal
9:00
Castle
19:43
Imperial
33:30
| APM avg | 55.1 |
| APM peak | 98 |
| eAPM avg | 24.8 |
| Villagers / military | 142 / 158 |
Focus
⚔️ 43.3% · 🌾 56.7%
Mangudai ×127 · Trade Cart ×36 · Mangonel ×16 · Fishing Ship ×8 · Scout Cavalry ×7 · Transport Ship ×5
Feudal
13:58
Castle
18:18
Imperial
28:06
| APM avg | 31.6 |
| APM peak | 61 |
| eAPM avg | 22.4 |
| Villagers / military | 105 / 165 |
Focus
⚔️ 25.6% · 🌾 74.4%
Knight ×104 · Monk ×53 · Fishing Ship ×26 · Trade Cart ×7 · Trebuchet (Packed) ×6 · Scout Cavalry ×1
Feudal
11:43
Castle
19:01
Imperial
34:21
| APM avg | 39.5 |
| APM peak | 85 |
| eAPM avg | 21.5 |
| Villagers / military | 137 / 157 |
Focus
⚔️ 32.2% · 🌾 67.8%
Spearman ×86 · Iron Pagoda ×31 · War Wagon ×16 · Trebuchet (Packed) ×14 · Fishing Ship ×7 · Petard ×5
Feudal
10:06
Castle
21:36
Imperial
34:27
| APM avg | 38.0 |
| APM peak | 102 |
| eAPM avg | 25.8 |
| Villagers / military | 216 / 476 |
Focus
⚔️ 53.1% · 🌾 46.9%
Spearman ×433 · Battering Ram ×36 · Militia ×4 · Mangonel ×3
Feudal
10:54
Castle
25:49
Imperial
39:53
| APM avg | 32.3 |
| APM peak | 64 |
| eAPM avg | 19.2 |
| Villagers / military | 153 / 98 |
Focus
⚔️ 38.4% · 🌾 61.6%
Archer ×54 · Scorpion ×44
Feudal
10:25
Castle
20:14
Imperial
30:55
| APM avg | 28.9 |
| APM peak | 47 |
| eAPM avg | 22.2 |
| Villagers / military | 145 / 415 |
Focus
⚔️ 38.1% · 🌾 61.9%
Knight ×227 · Scout Cavalry ×150 · Bombard Cannon ×27 · Fishing Ship ×12 · Demolition Raft ×7 · Spearman ×3
Match map
Initial resources + every placement click. Lines = walls · curves = elevation contours. ◆ gold · ⬟ stone · ● berries · ✦ relic · ◌ wall gap
Inputs per minute
— Eiseob - - 70后老菜鸟
Build order — Eiseob
First 150 of 573 actions detected
| 0:01 | Create | Villager (Male) |
| 0:01 | Create | Villager (Male) |
| 0:01 | Create | Villager (Male) |
| 0:01 | Create | Villager (Male) |
| 0:01 | Create | Villager (Male) |
| 0:02 | Build | House |
| 0:04 | Build | House |
| 1:27 | Create | Villager (Male) |
| 1:39 | Build | Lumber Camp |
| 2:12 | Create | Villager (Male) |
| 2:13 | Create | Villager (Male) |
| 2:55 | Create | Villager (Male) |
| 2:56 | Create | Villager (Male) |
| 3:21 | Create | Villager (Male) |
| 3:31 | Create | Villager (Male) |
| 3:38 | Build | House |
| 3:39 | Build | House |
| 3:41 | Build | House |
| 3:53 | Create | Villager (Male) |
| 3:53 | Create | Villager (Male) |
| 4:28 | Build | Mill |
| 4:47 | Create | Villager (Male) |
| 4:47 | Create | Villager (Male) |
| 4:47 | Create | Villager (Male) |
| 4:55 | Create | Villager (Male) |
| 4:55 | Create | Villager (Male) |
| 5:33 | Create | Villager (Male) |
| 5:33 | Create | Villager (Male) |
| 5:45 | Create | Villager (Male) |
| 5:46 | Create | Villager (Male) |
| 6:04 | Research | Loom |
| 6:13 | Create | Villager (Male) |
| 6:14 | Create | Villager (Male) |
| 6:54 | Create | Villager (Male) |
| 6:54 | Create | Villager (Male) |
| 7:11 | Build | Palisade Wall |
| 7:15 | Create | Villager (Male) |
| 7:16 | Create | Villager (Male) |
| 7:18 | Build | Farm |
| 7:30 | Build | Farm |
| 7:48 | Create | Villager (Male) |
| 7:48 | Create | Villager (Male) |
| 7:56 | Build | Farm |
| 8:01 | Build | Farm |
| 8:23 | Build | Palisade Wall |
| 8:38 | Create | Villager (Male) |
| 8:57 | Build | Palisade Wall |
| 9:09 | Create | Villager (Male) |
| 9:13 | Build | Mining Camp |
| 9:36 | Research | Feudal Age |
| 10:40 | Create | Villager (Male) |
| 10:40 | Create | Villager (Male) |
| 11:15 | Create | Villager (Male) |
| 11:15 | Create | Villager (Male) |
| 11:31 | Create | Villager (Male) |
| 11:42 | Age | Feudal Age |
| 11:44 | Build | Market |
| 11:48 | Build | Blacksmith |
| 12:28 | Research | Castle Age |
| 12:33 | Research | Double-Bit Axe |
| 13:12 | Research | Horse Collar |
| 14:26 | Create | Villager (Male) |
| 14:26 | Create | Villager (Male) |
| 14:46 | Build | House |
| 14:48 | Build | House |
| 14:49 | Build | House |
| 14:53 | Age | Castle Age |
| 14:54 | Build | Town Center |
| 15:00 | Build | Town Center |
| 15:09 | Research | Bow Saw |
| 15:11 | Research | Heavy Plow |
| 15:19 | Build | Farm |
| 15:27 | Create | Villager (Male) |
| 15:40 | Build | House |
| 15:40 | Build | House |
| 15:41 | Build | House |
| 15:42 | Create | Villager (Male) |
| 15:57 | Build | Farm |
| 16:11 | Build | Farm |
| 16:13 | Create | Villager (Male) |
| 16:18 | Build | Farm |
| 16:19 | Create | Villager (Male) |
| 16:20 | Create | Villager (Male) |
| 16:21 | Create | Villager (Male) |
| 16:25 | Create | Villager (Male) |
| 16:25 | Create | Villager (Male) |
| 16:25 | Create | Villager (Male) |
| 16:30 | Build | Farm |
| 16:33 | Build | House |
| 16:40 | Create | Villager (Male) |
| 16:40 | Create | Villager (Male) |
| 16:42 | Build | Farm |
| 16:45 | Build | Farm |
| 16:59 | Create | Villager (Male) |
| 16:59 | Create | Villager (Male) |
| 16:59 | Create | Villager (Male) |
| 17:00 | Build | Farm |
| 17:08 | Create | Villager (Male) |
| 17:08 | Create | Villager (Male) |
| 17:16 | Build | Farm |
| 17:20 | Build | Farm |
| 17:21 | Create | Villager (Male) |
| 17:21 | Create | Villager (Male) |
| 17:25 | Build | House |
| 17:25 | Build | House |
| 17:26 | Build | House |
| 17:32 | Build | Farm |
| 17:36 | Build | Farm |
| 17:40 | Build | Farm |
| 17:42 | Create | Villager (Male) |
| 17:43 | Create | Villager (Male) |
| 17:48 | Create | Villager (Male) |
| 17:49 | Create | Villager (Male) |
| 17:57 | Build | Farm |
| 18:00 | Build | Farm |
| 18:01 | Build | Farm |
| 18:03 | Create | Villager (Male) |
| 18:04 | Create | Villager (Male) |
| 18:07 | Build | Farm |
| 18:13 | Build | Farm |
| 18:14 | Create | Villager (Male) |
| 18:14 | Create | Villager (Male) |
| 18:14 | Create | Villager (Male) |
| 18:18 | Build | Farm |
| 18:23 | Create | Villager (Male) |
| 18:23 | Create | Villager (Male) |
| 18:33 | Create | Villager (Male) |
| 18:40 | Create | Villager (Male) |
| 18:40 | Create | Villager (Male) |
| 18:56 | Build | Town Center |
| 19:00 | Create | Villager (Male) |
| 19:00 | Create | Villager (Male) |
| 19:00 | Create | Villager (Male) |
| 19:00 | Create | Villager (Male) |
| 19:03 | Build | House |
| 19:04 | Build | House |
| 19:05 | Build | House |
| 19:12 | Build | Farm |
| 19:15 | Create | Villager (Male) |
| 19:15 | Create | Villager (Male) |
| 19:15 | Create | Villager (Male) |
| 19:18 | Build | Farm |
| 19:34 | Build | Stone Wall |
| 19:37 | Create | Villager (Male) |
| 19:37 | Create | Villager (Male) |
| 19:37 | Create | Villager (Male) |
| 19:41 | Build | Farm |
| 19:49 | Create | Villager (Male) |
| 19:49 | Create | Villager (Male) |
| 19:53 | Build | Mill |
Build order — 70后老菜鸟
First 150 of 435 actions detected
| 0:02 | Create | Villager (Male) |
| 0:02 | Create | Villager (Male) |
| 0:09 | Create | Villager (Male) |
| 0:29 | Create | Villager (Male) |
| 0:29 | Create | Villager (Male) |
| 1:15 | Create | Villager (Male) |
| 1:15 | Create | Villager (Male) |
| 1:53 | Build | Lumber Camp |
| 1:54 | Create | Villager (Male) |
| 1:54 | Create | Villager (Male) |
| 2:02 | Create | Villager (Male) |
| 2:02 | Create | Villager (Male) |
| 2:02 | Create | Villager (Male) |
| 2:41 | Create | Villager (Male) |
| 2:41 | Create | Villager (Male) |
| 2:54 | Research | Loom |
| 3:01 | Create | Villager (Male) |
| 3:02 | Create | Villager (Male) |
| 3:14 | Create | Villager (Male) |
| 3:14 | Create | Villager (Male) |
| 3:57 | Create | Villager (Male) |
| 3:57 | Create | Villager (Male) |
| 4:08 | Create | Villager (Male) |
| 4:08 | Create | Villager (Male) |
| 4:08 | Create | Villager (Male) |
| 4:48 | Create | Villager (Male) |
| 4:48 | Create | Villager (Male) |
| 4:59 | Create | Villager (Male) |
| 4:59 | Create | Villager (Male) |
| 5:12 | Build | Mill |
| 5:20 | Create | Villager (Male) |
| 5:20 | Create | Villager (Male) |
| 5:21 | Create | Villager (Male) |
| 6:12 | Create | Villager (Male) |
| 6:12 | Create | Villager (Male) |
| 6:12 | Create | Villager (Male) |
| 6:32 | Create | Villager (Male) |
| 6:33 | Create | Villager (Male) |
| 6:50 | Build | Mining Camp |
| 8:23 | Create | Villager (Male) |
| 8:47 | Build | Dock |
| 9:10 | Research | Feudal Age |
| 9:10 | Research | Feudal Age |
| 10:35 | Build | Barracks |
| 10:46 | Create | Fishing Ship |
| 10:47 | Create | Fishing Ship |
| 11:20 | Age | Feudal Age |
| 11:24 | Create | Spearman |
| 11:25 | Create | Spearman |
| 11:32 | Create | Villager (Male) |
| 11:53 | Create | Villager (Male) |
| 11:59 | Create | Spearman |
| 12:17 | Build | Stone Wall |
| 12:29 | Build | Archery Range |
| 12:30 | Create | Villager (Male) |
| 12:56 | Create | Villager (Male) |
| 13:00 | Create | Archer |
| 13:00 | Create | Archer |
| 13:01 | Create | Skirmisher |
| 13:01 | Create | Skirmisher |
| 13:11 | Create | Villager (Male) |
| 13:15 | Create | Skirmisher |
| 13:22 | Create | Archer |
| 13:30 | Build | Watch Tower |
| 13:35 | Create | Archer |
| 13:36 | Create | Archer |
| 13:56 | Create | Villager (Male) |
| 14:22 | Build | Farm |
| 14:22 | Create | Villager (Male) |
| 14:43 | Create | Villager (Male) |
| 15:05 | Create | Villager (Male) |
| 15:06 | Create | Villager (Male) |
| 15:44 | Create | Skirmisher |
| 15:54 | Build | Farm |
| 15:55 | Build | Farm |
| 15:58 | Create | Fishing Ship |
| 16:01 | Create | Fishing Ship |
| 16:17 | Build | Palisade Wall |
| 16:19 | Build | Palisade Wall |
| 16:21 | Build | Palisade Wall |
| 16:23 | Build | Palisade Wall |
| 16:24 | Build | Palisade Wall |
| 16:32 | Create | Villager (Male) |
| 16:35 | Create | Villager (Male) |
| 16:39 | Build | Blacksmith |
| 16:46 | Build | Building 796 |
| 17:04 | Build | Palisade Gate |
| 17:07 | Create | Skirmisher |
| 17:31 | Create | Villager (Male) |
| 17:39 | Create | Fishing Ship |
| 17:40 | Create | Villager (Male) |
| 17:49 | Research | Fletching |
| 17:50 | Research | Fletching |
| 18:01 | Create | Skirmisher |
| 18:08 | Build | Stone Wall |
| 18:10 | Build | Stone Wall |
| 18:15 | Build | Building 487 |
| 18:20 | Build | Building 487 |
| 18:36 | Create | Villager (Male) |
| 18:41 | Create | Villager (Male) |
| 18:43 | Build | Farm |
| 18:44 | Build | Farm |
| 18:45 | Create | Villager (Male) |
| 19:00 | Create | Villager (Male) |
| 19:16 | Build | Palisade Wall |
| 19:22 | Build | Building 796 |
| 19:33 | Create | Skirmisher |
| 19:33 | Create | Skirmisher |
| 19:39 | Build | Farm |
| 19:40 | Create | Villager (Male) |
| 19:52 | Create | Fire Galley |
| 19:54 | Create | Spearman |
| 20:01 | Build | Farm |
| 20:02 | Build | Farm |
| 20:03 | Create | Villager (Male) |
| 20:14 | Build | Farm |
| 20:16 | Create | Skirmisher |
| 20:29 | Create | Skirmisher |
| 20:48 | Create | Demolition Raft |
| 21:10 | Create | Skirmisher |
| 21:18 | Build | Archery Range |
| 21:20 | Create | Villager (Male) |
| 21:48 | Create | Fishing Ship |
| 21:50 | Create | Villager (Male) |
| 21:58 | Create | Skirmisher |
| 21:58 | Create | Skirmisher |
| 21:59 | Create | Villager (Male) |
| 22:00 | Create | Villager (Male) |
| 22:01 | Build | Farm |
| 22:02 | Create | Villager (Male) |
| 22:08 | Build | Lumber Camp |
| 22:28 | Create | Skirmisher |
| 22:29 | Create | Skirmisher |
| 22:41 | Create | Villager (Male) |
| 22:42 | Create | Villager (Male) |
| 22:44 | Build | Farm |
| 22:46 | Create | Fishing Ship |
| 23:21 | Create | Villager (Male) |
| 23:28 | Create | Villager (Male) |
| 23:49 | Create | Fishing Ship |
| 23:55 | Build | Fish Trap |
| 23:59 | Build | Fish Trap |
| 24:00 | Create | Villager (Male) |
| 24:51 | Build | Fish Trap |
| 24:55 | Build | Fish Trap |
| 24:58 | Build | Fish Trap |
| 25:11 | Build | Market |
| 25:17 | Build | Market |
| 25:21 | Create | Villager (Male) |
| 26:12 | Build | Farm |
Build order — BariBhai
First 150 of 516 actions detected
| 0:00 | Create | Villager (Male) |
| 0:01 | Create | Villager (Male) |
| 0:01 | Create | Villager (Male) |
| 0:02 | Build | House |
| 0:03 | Build | House |
| 0:13 | Create | Villager (Male) |
| 0:13 | Create | Villager (Male) |
| 1:25 | Create | Villager (Male) |
| 1:25 | Create | Villager (Male) |
| 1:57 | Build | Lumber Camp |
| 1:59 | Create | Villager (Male) |
| 2:14 | Create | Villager (Male) |
| 2:15 | Create | Villager (Male) |
| 2:49 | Create | Villager (Male) |
| 2:49 | Create | Villager (Male) |
| 2:49 | Create | Villager (Male) |
| 2:59 | Build | House |
| 3:15 | Create | Villager (Male) |
| 3:15 | Create | Villager (Male) |
| 3:37 | Create | Villager (Male) |
| 3:46 | Create | Villager (Male) |
| 3:46 | Create | Villager (Male) |
| 4:14 | Build | Mill |
| 4:38 | Create | Villager (Male) |
| 4:38 | Create | Villager (Male) |
| 4:38 | Create | Villager (Male) |
| 5:51 | Create | Villager (Male) |
| 5:55 | Build | House |
| 6:25 | Create | Villager (Male) |
| 6:45 | Research | Feudal Age |
| 6:45 | Research | Feudal Age |
| 7:56 | Build | Barracks |
| 8:32 | Create | Villager (Male) |
| 8:33 | Create | Villager (Male) |
| 9:00 | Age | Feudal Age |
| 9:01 | Build | Stable |
| 9:04 | Research | Double-Bit Axe |
| 9:04 | Research | Double-Bit Axe |
| 9:13 | Research | Horse Collar |
| 9:44 | Create | Scout Cavalry |
| 9:45 | Build | House |
| 10:08 | Create | Villager (Male) |
| 10:10 | Create | Scout Cavalry |
| 10:29 | Build | Palisade Gate |
| 10:35 | Create | Villager (Male) |
| 11:04 | Create | Villager (Male) |
| 11:13 | Build | Dock |
| 11:46 | Create | Villager (Male) |
| 11:52 | Build | Farm |
| 11:54 | Build | Farm |
| 11:55 | Build | House |
| 11:58 | Build | House |
| 12:15 | Create | Scout Cavalry |
| 12:15 | Create | Scout Cavalry |
| 12:16 | Create | Scout Cavalry |
| 12:26 | Create | Transport Ship |
| 12:30 | Create | Fishing Ship |
| 12:30 | Create | Fishing Ship |
| 12:39 | Build | House |
| 12:40 | Create | Villager (Male) |
| 12:47 | Create | Villager (Male) |
| 12:49 | Build | Farm |
| 13:20 | Build | House |
| 13:21 | Create | Transport Ship |
| 13:31 | Create | Villager (Male) |
| 13:33 | Build | Farm |
| 14:21 | Research | Wheelbarrow |
| 14:23 | Build | Farm |
| 14:26 | Build | Farm |
| 14:27 | Create | Transport Ship |
| 14:59 | Create | Scout Cavalry |
| 14:59 | Create | Scout Cavalry |
| 15:41 | Create | Villager (Male) |
| 15:43 | Build | Mining Camp |
| 15:46 | Build | Market |
| 15:59 | Build | House |
| 16:00 | Build | House |
| 16:08 | Create | Villager (Male) |
| 16:33 | Create | Fishing Ship |
| 17:00 | Build | House |
| 17:03 | Research | Castle Age |
| 17:03 | Research | Castle Age |
| 17:38 | Build | House |
| 17:39 | Build | House |
| 18:02 | Create | Transport Ship |
| 19:43 | Age | Castle Age |
| 19:51 | Create | Villager (Male) |
| 19:53 | Build | Town Center |
| 19:56 | Create | Villager (Male) |
| 20:00 | Build | Town Center |
| 20:09 | Create | Villager (Male) |
| 20:11 | Research | Bow Saw |
| 20:11 | Research | Bow Saw |
| 20:15 | Build | Lumber Camp |
| 20:39 | Build | House |
| 20:47 | Create | Villager (Male) |
| 20:52 | Build | Farm |
| 21:01 | Build | Blacksmith |
| 21:04 | Create | Villager (Male) |
| 21:07 | Research | Heavy Plow |
| 21:14 | Create | Villager (Male) |
| 21:18 | Build | Farm |
| 21:21 | Build | Farm |
| 21:23 | Create | Villager (Male) |
| 21:27 | Create | Villager (Male) |
| 21:30 | Build | Farm |
| 21:32 | Build | Farm |
| 21:33 | Build | Farm |
| 21:50 | Create | Villager (Male) |
| 21:55 | Build | Siege Workshop |
| 21:57 | Create | Villager (Male) |
| 22:00 | Build | Farm |
| 22:05 | Create | Villager (Male) |
| 22:06 | Create | Villager (Male) |
| 22:06 | Create | Villager (Male) |
| 22:16 | Create | Transport Ship |
| 22:22 | Create | Villager (Male) |
| 22:23 | Create | Villager (Male) |
| 22:37 | Create | Villager (Male) |
| 22:40 | Create | Mangonel |
| 22:43 | Build | House |
| 22:52 | Build | Fish Trap |
| 22:59 | Create | Villager (Male) |
| 23:00 | Create | Villager (Male) |
| 23:00 | Create | Villager (Male) |
| 23:01 | Create | Villager (Male) |
| 23:01 | Create | Villager (Male) |
| 23:02 | Create | Villager (Male) |
| 23:13 | Build | Fish Trap |
| 23:21 | Create | Villager (Male) |
| 23:26 | Create | Villager (Male) |
| 23:32 | Build | Fish Trap |
| 23:36 | Build | House |
| 23:36 | Build | House |
| 24:30 | Create | Villager (Male) |
| 24:30 | Create | Villager (Male) |
| 24:31 | Create | Villager (Male) |
| 24:31 | Create | Villager (Male) |
| 24:31 | Create | Villager (Male) |
| 24:44 | Build | Monastery |
| 24:48 | Create | Villager (Male) |
| 24:48 | Create | Villager (Male) |
| 24:48 | Create | Villager (Male) |
| 24:52 | Create | Fishing Ship |
| 24:52 | Create | Fishing Ship |
| 24:54 | Create | Villager (Male) |
| 24:54 | Create | Villager (Male) |
| 24:55 | Create | Villager (Male) |
| 24:55 | Create | Villager (Male) |
| 24:58 | Build | Farm |
Build order — eddie8209
First 150 of 375 actions detected
| 0:00 | Create | Villager (Male) |
| 0:01 | Create | Villager (Male) |
| 0:01 | Create | Villager (Male) |
| 0:02 | Build | House |
| 0:03 | Build | House |
| 0:07 | Create | Villager (Male) |
| 1:38 | Create | Villager (Male) |
| 1:59 | Create | Villager (Male) |
| 2:25 | Create | Villager (Male) |
| 2:25 | Create | Villager (Male) |
| 2:39 | Build | Lumber Camp |
| 2:58 | Create | Villager (Male) |
| 2:58 | Create | Villager (Male) |
| 2:59 | Create | Villager (Male) |
| 3:37 | Create | Villager (Male) |
| 3:37 | Create | Villager (Male) |
| 3:46 | Build | House |
| 4:17 | Create | Villager (Male) |
| 4:17 | Create | Villager (Male) |
| 4:49 | Build | House |
| 4:55 | Create | Villager (Male) |
| 4:55 | Create | Villager (Male) |
| 4:55 | Create | Villager (Male) |
| 4:56 | Create | Villager (Male) |
| 5:11 | Create | Villager (Male) |
| 5:11 | Create | Villager (Male) |
| 5:44 | Create | Villager (Male) |
| 5:54 | Build | Palisade Wall |
| 6:20 | Build | Mill |
| 6:42 | Build | Palisade Wall |
| 6:46 | Create | Villager (Male) |
| 6:47 | Create | Villager (Male) |
| 6:57 | Create | Villager (Male) |
| 7:24 | Build | House |
| 7:34 | Build | House |
| 7:44 | Build | House |
| 7:55 | Build | House |
| 8:37 | Create | Villager (Male) |
| 8:50 | Build | Dock |
| 9:23 | Build | Mining Camp |
| 9:38 | Create | Villager (Male) |
| 9:44 | Create | Fishing Ship |
| 9:45 | Create | Fishing Ship |
| 9:47 | Build | Farm |
| 10:03 | Create | Villager (Male) |
| 10:08 | Build | House |
| 10:09 | Build | House |
| 10:25 | Create | Villager (Male) |
| 10:46 | Build | Mill |
| 10:58 | Create | Villager (Male) |
| 10:59 | Create | Fishing Ship |
| 11:12 | Build | Dock |
| 11:19 | Create | Villager (Male) |
| 11:39 | Research | Feudal Age |
| 11:47 | Create | Fishing Ship |
| 12:00 | Build | Lumber Camp |
| 12:12 | Create | Fishing Ship |
| 12:28 | Build | House |
| 12:29 | Build | House |
| 12:35 | Create | Villager (Male) |
| 12:40 | Create | Fishing Ship |
| 12:49 | Build | House |
| 12:50 | Build | House |
| 12:52 | Build | House |
| 13:04 | Build | House |
| 13:19 | Create | Villager (Male) |
| 13:52 | Create | Fishing Ship |
| 13:52 | Create | Fishing Ship |
| 13:58 | Age | Feudal Age |
| 14:03 | Build | Fish Trap |
| 14:11 | Build | Blacksmith |
| 14:23 | Create | Villager (Male) |
| 14:29 | Research | Double-Bit Axe |
| 14:44 | Build | Market |
| 14:54 | Create | Villager (Male) |
| 15:21 | Build | Fish Trap |
| 15:24 | Build | Fish Trap |
| 15:26 | Research | Castle Age |
| 15:34 | Build | Fish Trap |
| 15:43 | Build | Fish Trap |
| 16:08 | Build | Fish Trap |
| 16:20 | Build | Fish Trap |
| 16:24 | Create | Fishing Ship ×2 |
| 16:25 | Create | Fishing Ship ×2 |
| 16:42 | Build | Lumber Camp |
| 16:52 | Create | Villager (Male) |
| 17:06 | Create | Fishing Ship ×4 |
| 17:22 | Build | Fish Trap |
| 17:23 | Build | Fish Trap |
| 17:26 | Create | Villager (Male) |
| 17:29 | Build | Fish Trap |
| 17:34 | Create | Villager (Male) |
| 17:43 | Build | House |
| 17:43 | Build | House |
| 17:43 | Build | House |
| 17:44 | Build | House |
| 17:46 | Build | House |
| 17:48 | Create | Villager (Male) |
| 17:57 | Build | Fish Trap |
| 18:03 | Create | Fishing Ship ×3 |
| 18:18 | Age | Castle Age |
| 18:24 | Build | Town Center |
| 18:34 | Build | Fish Trap |
| 18:41 | Create | Fishing Ship |
| 18:43 | Create | Villager (Male) |
| 18:51 | Build | Fish Trap |
| 19:13 | Create | Villager (Male) |
| 19:16 | Research | Bow Saw |
| 19:30 | Build | Town Center |
| 19:34 | Research | Wheelbarrow |
| 19:36 | Create | Villager (Male) |
| 19:39 | Create | Fishing Ship |
| 19:54 | Build | Fish Trap |
| 19:56 | Create | Villager (Male) |
| 20:04 | Create | Fishing Ship ×2 |
| 20:06 | Create | Villager (Male) |
| 20:12 | Build | House |
| 20:12 | Build | House |
| 20:12 | Build | House |
| 20:12 | Build | House |
| 20:13 | Build | House |
| 20:13 | Build | House |
| 20:21 | Create | Villager (Male) |
| 20:21 | Create | Villager (Male) |
| 20:31 | Build | Fish Trap |
| 20:34 | Create | Fishing Ship |
| 20:35 | Create | Fishing Ship |
| 20:36 | Create | Villager (Male) |
| 20:38 | Create | Villager (Male) |
| 20:55 | Create | Villager (Male) |
| 20:58 | Build | Fish Trap |
| 21:08 | Build | Fish Trap |
| 21:10 | Research | Tech 906 |
| 21:16 | Create | Villager (Male) |
| 21:19 | Create | Villager (Male) |
| 21:20 | Build | University |
| 21:26 | Build | Barracks |
| 21:39 | Create | Villager (Male) |
| 21:41 | Build | Mining Camp |
| 21:49 | Research | Gold Mining |
| 21:50 | Research | Stone Mining |
| 21:51 | Create | Villager (Male) |
| 21:53 | Build | Fish Trap |
| 22:00 | Build | Fish Trap |
| 22:04 | Create | Fishing Ship |
| 22:06 | Create | Villager (Male) |
| 22:07 | Create | Villager (Male) |
| 22:07 | Create | Villager (Male) |
| 22:11 | Build | Stable |
| 22:28 | Build | Monastery |
Build order — Trashclaus
First 150 of 392 actions detected
| 0:01 | Create | Villager (Male) |
| 0:01 | Create | Villager (Male) |
| 0:02 | Build | House |
| 0:03 | Build | House |
| 0:17 | Research | Loom |
| 0:30 | Create | Villager (Male) |
| 0:53 | Build | Palisade Gate |
| 0:55 | Build | House |
| 0:56 | Build | Palisade Wall |
| 0:59 | Create | Villager (Male) |
| 1:08 | Create | Villager (Male) |
| 1:53 | Create | Villager (Male) |
| 2:04 | Build | House |
| 2:22 | Build | House |
| 2:26 | Create | Villager (Male) |
| 2:57 | Create | Villager (Male) |
| 3:07 | Build | Palisade Wall |
| 3:08 | Build | Palisade Wall |
| 3:09 | Build | Palisade Wall |
| 3:10 | Build | Palisade Wall |
| 3:11 | Build | Palisade Wall |
| 3:21 | Create | Villager (Male) |
| 3:32 | Build | Palisade Wall |
| 3:48 | Create | Villager (Male) |
| 3:58 | Build | Palisade Wall |
| 4:00 | Build | Palisade Wall |
| 4:13 | Build | Palisade Wall |
| 4:17 | Create | Villager (Male) |
| 4:54 | Create | Villager (Male) |
| 5:15 | Create | Villager (Male) |
| 5:15 | Create | Villager (Male) |
| 5:39 | Create | Villager (Male) |
| 5:50 | Build | Lumber Camp |
| 6:13 | Create | Villager (Male) |
| 6:13 | Create | Villager (Male) |
| 6:22 | Create | Villager (Male) |
| 6:59 | Create | Villager (Male) |
| 7:12 | Create | Villager (Male) |
| 7:31 | Create | Villager (Male) |
| 7:59 | Build | Dock |
| 8:16 | Create | Villager (Male) |
| 8:28 | Build | House |
| 8:44 | Create | Villager (Male) |
| 9:23 | Research | Feudal Age |
| 9:25 | Create | Fishing Ship |
| 9:26 | Create | Fishing Ship |
| 10:04 | Build | House |
| 10:22 | Build | Mining Camp |
| 10:37 | Build | Palisade Wall |
| 10:39 | Build | Palisade Wall |
| 10:49 | Create | Villager (Male) |
| 10:55 | Create | Villager (Male) |
| 11:27 | Build | Palisade Wall |
| 11:32 | Build | Palisade Wall |
| 11:43 | Age | Feudal Age |
| 11:47 | Build | Watch Tower |
| 11:56 | Create | Villager (Male) |
| 12:11 | Build | Stone Wall |
| 12:32 | Build | Blacksmith |
| 12:32 | Create | Villager (Male) |
| 12:39 | Build | Stone Wall |
| 12:41 | Create | Villager (Male) |
| 12:46 | Build | Mill |
| 12:51 | Build | Mill |
| 12:58 | Create | Fishing Ship |
| 13:01 | Create | Fishing Ship |
| 13:08 | Build | House |
| 13:24 | Create | Villager (Male) |
| 13:37 | Build | House |
| 13:56 | Build | Mining Camp |
| 14:16 | Create | Villager (Male) |
| 14:16 | Create | Villager (Male) |
| 14:44 | Create | Villager (Male) |
| 14:46 | Build | Market |
| 15:24 | Build | Fish Trap |
| 15:27 | Create | Villager (Male) |
| 15:37 | Build | House |
| 16:00 | Create | Villager (Male) |
| 16:05 | Create | Villager (Male) |
| 16:21 | Research | Castle Age |
| 16:22 | Research | Castle Age |
| 16:37 | Build | House |
| 16:48 | Build | Fish Trap |
| 17:00 | Research | Double-Bit Axe |
| 17:14 | Build | Lumber Camp |
| 17:30 | Build | Lumber Camp |
| 17:46 | Build | Lumber Camp |
| 18:22 | Create | Villager (Male) |
| 18:36 | Build | Fish Trap |
| 18:45 | Create | Fishing Ship |
| 18:46 | Create | Villager (Male) |
| 19:01 | Age | Castle Age |
| 19:07 | Build | Castle |
| 19:11 | Create | Villager (Male) |
| 19:14 | Research | Bow Saw |
| 19:18 | Research | Horse Collar |
| 19:28 | Research | Town Watch |
| 19:34 | Build | Farm |
| 19:41 | Create | Fishing Ship |
| 19:42 | Create | Fishing Ship |
| 19:52 | Create | Villager (Male) |
| 20:01 | Create | Villager (Male) |
| 20:17 | Build | House |
| 20:20 | Create | Villager (Male) |
| 20:23 | Build | Fish Trap |
| 20:26 | Build | Fish Trap |
| 20:29 | Build | Fish Trap |
| 20:45 | Build | House |
| 20:51 | Create | War Wagon |
| 20:51 | Create | War Wagon |
| 21:08 | Create | War Wagon |
| 21:17 | Build | Building 665 |
| 21:35 | Create | Villager (Male) |
| 21:36 | Create | War Wagon |
| 21:36 | Create | War Wagon |
| 21:52 | Build | Town Center |
| 22:01 | Create | Villager (Male) |
| 22:03 | Research | Wheelbarrow |
| 22:09 | Build | Fish Trap |
| 22:18 | Research | Tech 906 |
| 22:19 | Create | Villager (Male) |
| 22:28 | Create | Petard |
| 22:34 | Create | War Wagon |
| 22:51 | Build | Farm |
| 22:51 | Build | Farm |
| 22:52 | Create | Villager (Male) |
| 22:59 | Create | Villager (Male) |
| 23:03 | Build | Farm |
| 23:03 | Build | Farm |
| 23:03 | Build | Farm |
| 23:18 | Create | Villager (Male) |
| 23:26 | Build | Farm |
| 23:28 | Build | Farm |
| 23:40 | Create | Petard |
| 24:10 | Create | Villager (Male) |
| 24:20 | Create | Transport Ship |
| 24:22 | Create | Villager (Male) |
| 24:34 | Create | Villager (Male) |
| 24:35 | Create | War Wagon |
| 24:35 | Create | War Wagon |
| 24:57 | Create | War Wagon |
| 24:58 | Create | Villager (Male) ×5 |
| 25:02 | Build | Town Center |
| 25:03 | Build | Farm |
| 25:03 | Build | Farm |
| 25:04 | Build | Farm |
| 25:04 | Build | Farm |
| 25:04 | Build | Farm |
| 25:17 | Create | Petard |
| 25:18 | Create | Petard |
Build order — mike
First 150 of 927 actions detected
| 0:00 | Create | Villager (Male) |
| 0:01 | Create | Villager (Male) |
| 0:01 | Create | Villager (Male) |
| 0:01 | Create | Villager (Male) |
| 0:02 | Build | House |
| 0:15 | Research | Loom |
| 0:29 | Create | Villager (Male) |
| 0:30 | Create | Villager (Male) |
| 0:30 | Create | Villager (Male) |
| 0:30 | Create | Villager (Male) |
| 1:32 | Create | Villager (Male) |
| 2:27 | Create | Villager (Male) |
| 2:27 | Create | Villager (Male) |
| 2:27 | Create | Villager (Male) |
| 3:00 | Build | House |
| 3:05 | Create | Villager (Male) |
| 3:10 | Build | Lumber Camp |
| 3:28 | Create | Villager (Male) |
| 3:28 | Create | Villager (Male) |
| 3:29 | Create | Villager (Male) |
| 3:29 | Create | Villager (Male) |
| 4:05 | Build | House |
| 4:08 | Create | Villager (Male) |
| 4:36 | Build | House |
| 4:45 | Create | Villager (Male) |
| 4:45 | Create | Villager (Male) |
| 4:45 | Create | Villager (Male) |
| 4:46 | Create | Villager (Male) |
| 5:31 | Create | Villager (Male) |
| 5:32 | Create | Villager (Male) |
| 5:32 | Create | Villager (Male) |
| 5:47 | Create | Villager (Male) |
| 5:47 | Create | Villager (Male) |
| 5:52 | Build | House |
| 6:18 | Create | Villager (Male) |
| 6:41 | Build | Barracks |
| 6:59 | Build | Mill |
| 7:41 | Build | House |
| 7:52 | Research | Feudal Age |
| 8:06 | Build | Mining Camp |
| 8:13 | Create | Militia |
| 8:14 | Create | Militia |
| 8:33 | Create | Villager (Male) |
| 8:37 | Create | Militia |
| 9:11 | Create | Militia |
| 9:31 | Build | Mill |
| 9:32 | Create | Villager (Male) |
| 10:06 | Age | Feudal Age |
| 10:11 | Build | Watch Tower |
| 10:18 | Research | Man-at-Arms (upgrade) |
| 10:22 | Create | Villager (Male) |
| 10:26 | Research | Double-Bit Axe |
| 10:26 | Research | Double-Bit Axe |
| 10:30 | Create | Villager (Male) |
| 10:52 | Research | Horse Collar |
| 10:52 | Research | Horse Collar |
| 11:03 | Research | Arson |
| 11:17 | Create | Villager (Male) |
| 11:18 | Create | Villager (Male) |
| 11:18 | Create | Villager (Male) |
| 11:27 | Build | Farm |
| 11:52 | Create | Villager (Male) |
| 11:55 | Build | Farm |
| 12:19 | Create | Villager (Male) |
| 12:20 | Create | Villager (Male) |
| 12:46 | Build | Lumber Camp |
| 12:52 | Create | Villager (Male) |
| 12:56 | Create | Villager (Male) |
| 12:56 | Create | Villager (Male) |
| 13:20 | Build | Building 665 |
| 13:26 | Build | Stone Wall |
| 13:29 | Build | Stone Wall |
| 13:43 | Create | Villager (Male) |
| 13:47 | Build | Mining Camp |
| 13:52 | Build | Farm |
| 14:03 | Build | House |
| 14:21 | Create | Villager (Male) |
| 14:25 | Build | Farm |
| 14:43 | Create | Villager (Male) |
| 14:48 | Build | Farm |
| 14:57 | Build | Farm |
| 15:00 | Build | Farm |
| 15:00 | Create | Villager (Male) |
| 15:15 | Build | Farm |
| 15:16 | Create | Villager (Male) |
| 15:30 | Create | Villager (Male) |
| 15:38 | Build | House |
| 15:43 | Create | Villager (Male) |
| 15:56 | Build | House |
| 15:58 | Build | House |
| 15:59 | Build | House |
| 16:12 | Create | Villager (Male) |
| 16:17 | Build | Farm |
| 16:18 | Create | Villager (Male) |
| 16:24 | Build | Lumber Camp |
| 16:26 | Create | Villager (Male) |
| 16:34 | Build | Farm |
| 16:35 | Build | Farm |
| 16:36 | Create | Villager (Male) |
| 16:45 | Build | Blacksmith |
| 16:46 | Create | Villager (Male) |
| 16:56 | Build | Market |
| 17:00 | Create | Villager (Male) |
| 17:17 | Build | Farm |
| 17:23 | Create | Villager (Male) |
| 17:54 | Build | Farm |
| 18:01 | Build | House |
| 18:03 | Build | House |
| 18:05 | Create | Villager (Male) |
| 18:14 | Create | Villager (Male) |
| 18:39 | Build | Farm |
| 18:49 | Research | Castle Age |
| 18:49 | Research | Castle Age |
| 18:55 | Build | House |
| 19:38 | Create | Villager (Male) |
| 19:42 | Build | House |
| 19:43 | Build | House |
| 19:56 | Research | Gold Mining |
| 20:19 | Create | Villager (Male) |
| 20:47 | Build | House |
| 20:48 | Build | House |
| 21:02 | Build | Outpost |
| 21:18 | Create | Villager (Male) |
| 21:27 | Create | Villager (Male) |
| 21:36 | Age | Castle Age |
| 21:43 | Build | Town Center |
| 21:45 | Research | Bow Saw |
| 21:45 | Research | Bow Saw |
| 21:45 | Research | Heavy Plow |
| 21:46 | Research | Heavy Plow |
| 21:52 | Build | Town Center |
| 21:57 | Research | Wheelbarrow |
| 22:07 | Create | Villager (Male) |
| 22:43 | Build | Town Center |
| 22:45 | Create | Villager (Male) |
| 22:45 | Create | Villager (Male) |
| 22:46 | Create | Villager (Male) |
| 22:49 | Build | Farm |
| 22:51 | Build | Farm |
| 22:54 | Build | Farm |
| 22:56 | Build | Farm |
| 22:59 | Build | Farm |
| 23:13 | Create | Villager (Male) |
| 23:15 | Create | Villager (Male) |
| 23:28 | Create | Villager (Male) |
| 23:29 | Create | Villager (Male) |
| 23:30 | Create | Villager (Male) |
| 23:31 | Create | Villager (Male) |
| 23:31 | Create | Villager (Male) |
| 24:08 | Create | Villager (Male) |
Build order — Byzantine
First 150 of 393 actions detected
| 0:01 | Create | Villager (Male) |
| 0:01 | Create | Villager (Male) |
| 0:01 | Create | Villager (Male) |
| 0:03 | Build | House |
| 0:04 | Build | House |
| 0:22 | Create | Villager (Male) |
| 1:33 | Create | Villager (Male) |
| 1:34 | Create | Villager (Male) |
| 2:01 | Create | Villager (Male) |
| 2:14 | Build | Palisade Wall |
| 2:19 | Create | Villager (Male) |
| 2:45 | Create | Villager (Male) |
| 2:45 | Create | Villager (Male) |
| 3:04 | Build | Palisade Wall |
| 3:09 | Create | Villager (Male) |
| 3:28 | Build | Palisade Wall |
| 3:37 | Create | Villager (Male) |
| 3:40 | Build | Lumber Camp |
| 4:08 | Research | Loom |
| 4:24 | Build | Palisade Wall |
| 4:26 | Build | Palisade Wall |
| 4:38 | Build | House |
| 4:43 | Create | Villager (Male) |
| 4:44 | Create | Villager (Male) |
| 5:11 | Build | House |
| 5:24 | Create | Villager (Male) |
| 5:46 | Build | House |
| 5:55 | Build | House |
| 6:02 | Create | Villager (Male) |
| 6:03 | Create | Villager (Male) |
| 6:35 | Build | Mill |
| 7:00 | Create | Villager (Male) |
| 7:24 | Create | Villager (Male) |
| 7:48 | Create | Villager (Male) |
| 8:44 | Research | Feudal Age |
| 8:44 | Research | Feudal Age |
| 8:54 | Build | Mining Camp |
| 10:11 | Create | Villager (Male) |
| 10:54 | Age | Feudal Age |
| 11:04 | Build | Archery Range |
| 11:16 | Build | Archery Range |
| 11:38 | Create | Villager (Male) |
| 11:38 | Create | Villager (Male) |
| 11:41 | Research | Double-Bit Axe |
| 11:41 | Research | Double-Bit Axe |
| 11:52 | Build | Palisade Wall |
| 11:59 | Build | Blacksmith |
| 12:00 | Create | Archer |
| 12:00 | Create | Archer |
| 12:15 | Build | Palisade Gate |
| 12:17 | Create | Archer |
| 12:38 | Build | Palisade Gate |
| 12:43 | Create | Archer |
| 13:12 | Create | Archer |
| 13:13 | Research | Fletching |
| 13:48 | Create | Villager (Male) |
| 13:48 | Create | Villager (Male) |
| 13:51 | Build | Farm |
| 13:51 | Build | Farm |
| 13:52 | Build | Farm |
| 13:53 | Build | Farm |
| 13:53 | Build | Farm |
| 13:53 | Build | Farm |
| 13:54 | Build | Farm |
| 14:34 | Create | Archer |
| 14:36 | Create | Archer |
| 14:36 | Create | Archer |
| 15:08 | Create | Archer |
| 15:25 | Create | Archer |
| 15:26 | Create | Archer |
| 15:42 | Create | Villager (Male) |
| 15:42 | Create | Villager (Male) |
| 15:42 | Create | Villager (Male) |
| 15:51 | Create | Archer |
| 15:59 | Create | Villager (Male) |
| 16:08 | Research | Horse Collar |
| 16:14 | Build | Farm |
| 16:23 | Create | Archer |
| 16:30 | Create | Archer |
| 16:30 | Create | Archer |
| 16:45 | Create | Archer |
| 16:48 | Build | House |
| 16:50 | Create | Villager (Male) |
| 16:51 | Create | Villager (Male) |
| 17:40 | Create | Archer |
| 17:43 | Create | Villager (Male) |
| 17:43 | Create | Villager (Male) |
| 17:56 | Create | Archer |
| 17:56 | Create | Archer |
| 18:00 | Create | Archer |
| 18:03 | Create | Villager (Male) |
| 18:50 | Create | Archer |
| 18:51 | Create | Archer |
| 19:11 | Create | Villager (Male) |
| 19:18 | Create | Archer |
| 19:27 | Create | Villager (Male) |
| 19:27 | Create | Villager (Male) |
| 19:34 | Build | Farm |
| 19:35 | Build | Farm |
| 20:06 | Create | Archer |
| 20:11 | Create | Villager (Male) |
| 20:12 | Create | Villager (Male) |
| 20:28 | Create | Villager (Male) |
| 20:32 | Build | House |
| 20:35 | Research | Padded Archer Armor |
| 20:36 | Create | Villager (Male) |
| 20:42 | Build | Market |
| 21:19 | Create | Villager (Male) |
| 21:19 | Create | Villager (Male) |
| 21:53 | Create | Archer |
| 21:53 | Create | Archer |
| 21:54 | Create | Archer |
| 21:54 | Create | Archer |
| 21:56 | Create | Archer |
| 22:52 | Build | House |
| 23:02 | Research | Castle Age |
| 23:11 | Create | Villager (Male) |
| 23:16 | Build | House |
| 23:17 | Build | House |
| 23:18 | Build | House |
| 23:19 | Build | House |
| 23:26 | Create | Archer |
| 23:27 | Create | Archer |
| 23:33 | Build | Lumber Camp |
| 23:41 | Create | Archer |
| 23:55 | Build | Building 487 |
| 23:59 | Build | Building 487 |
| 24:05 | Build | Stone Wall |
| 24:09 | Build | Stone Wall |
| 24:43 | Create | Villager (Male) |
| 24:43 | Create | Villager (Male) |
| 24:48 | Build | Stone Wall |
| 24:55 | Create | Archer |
| 24:56 | Create | Archer |
| 25:18 | Build | House |
| 25:18 | Build | House |
| 25:19 | Build | House |
| 25:20 | Build | House |
| 25:28 | Build | Mining Camp |
| 25:45 | Create | Archer |
| 25:49 | Age | Castle Age |
| 25:53 | Research | Bodkin Arrow |
| 25:56 | Research | Crossbowman (upgrade) |
| 26:08 | Create | Archer |
| 26:38 | Create | Archer |
| 26:45 | Create | Archer |
| 26:46 | Create | Archer |
| 26:51 | Create | Villager (Male) |
| 26:52 | Create | Villager (Male) |
| 26:58 | Build | Town Center |
Build order — Pa3k226
First 150 of 579 actions detected
| 0:00 | Create | Villager (Male) |
| 0:01 | Create | Villager (Male) |
| 0:02 | Build | House |
| 0:03 | Build | House |
| 0:11 | Create | Villager (Male) |
| 0:12 | Create | Villager (Male) |
| 0:12 | Create | Villager (Male) |
| 1:41 | Create | Villager (Male) |
| 1:41 | Create | Villager (Male) |
| 1:43 | Build | Lumber Camp |
| 2:08 | Create | Villager (Male) |
| 2:08 | Create | Villager (Male) |
| 2:14 | Create | Villager (Male) |
| 2:15 | Create | Villager (Male) |
| 2:16 | Build | House |
| 2:17 | Build | House |
| 2:48 | Create | Villager (Male) |
| 2:48 | Create | Villager (Male) |
| 3:11 | Create | Villager (Male) |
| 3:11 | Create | Villager (Male) |
| 3:48 | Create | Villager (Male) |
| 4:17 | Create | Villager (Male) |
| 4:17 | Create | Villager (Male) |
| 4:18 | Create | Villager (Male) |
| 4:42 | Create | Villager (Male) |
| 5:34 | Create | Villager (Male) |
| 5:36 | Create | Villager (Male) |
| 5:37 | Create | Villager (Male) |
| 5:47 | Create | Villager (Male) |
| 5:48 | Create | Villager (Male) |
| 5:48 | Create | Villager (Male) |
| 6:02 | Build | Dock |
| 6:06 | Create | Villager (Male) |
| 6:07 | Create | Villager (Male) |
| 6:45 | Create | Fishing Ship |
| 6:45 | Create | Fishing Ship |
| 6:55 | Build | House |
| 6:56 | Build | House |
| 7:01 | Create | Villager (Male) |
| 7:32 | Build | Mill |
| 8:07 | Create | Fishing Ship |
| 8:10 | Research | Feudal Age |
| 8:47 | Create | Fishing Ship |
| 9:04 | Create | Villager (Male) |
| 9:04 | Create | Villager (Male) |
| 10:25 | Age | Feudal Age |
| 10:26 | Create | Villager (Male) |
| 10:31 | Build | Market |
| 10:33 | Build | Blacksmith |
| 10:38 | Create | Villager (Male) |
| 10:40 | Create | Demolition Raft |
| 10:41 | Create | Demolition Raft |
| 10:44 | Create | Fishing Ship |
| 10:44 | Create | Fishing Ship |
| 11:06 | Build | Palisade Wall |
| 11:08 | Build | Palisade Wall |
| 11:10 | Build | Palisade Wall |
| 11:17 | Create | Villager (Male) |
| 11:23 | Create | Villager (Male) |
| 11:26 | Create | Demolition Raft |
| 11:27 | Create | Demolition Raft |
| 11:30 | Create | Fishing Ship |
| 11:30 | Create | Fishing Ship |
| 11:48 | Build | Barracks |
| 11:59 | Build | House |
| 12:03 | Research | Wheelbarrow |
| 12:03 | Create | Villager (Male) |
| 12:10 | Create | Villager (Male) |
| 12:32 | Create | Villager (Male) |
| 12:32 | Create | Villager (Male) |
| 12:38 | Build | Mining Camp |
| 12:42 | Build | House |
| 12:45 | Research | Double-Bit Axe |
| 12:47 | Create | Demolition Raft |
| 12:52 | Build | Fish Trap |
| 13:00 | Create | Spearman |
| 13:00 | Create | Spearman |
| 13:27 | Build | Palisade Wall |
| 13:41 | Build | House |
| 13:42 | Build | Palisade Wall |
| 13:43 | Build | Palisade Wall |
| 13:47 | Build | House |
| 13:56 | Create | Villager (Male) |
| 14:11 | Create | Villager (Male) |
| 14:35 | Build | Fish Trap |
| 14:36 | Create | Villager (Male) |
| 14:47 | Build | Fish Trap |
| 14:48 | Build | Fish Trap |
| 14:51 | Build | Fish Trap |
| 14:53 | Build | Fish Trap |
| 14:56 | Create | Villager (Male) |
| 15:03 | Create | Villager (Male) |
| 15:21 | Build | Fish Trap |
| 15:42 | Create | Villager (Male) |
| 15:56 | Build | Dock |
| 16:05 | Build | Fish Trap |
| 16:09 | Create | Villager (Male) |
| 16:30 | Create | Spearman |
| 16:37 | Create | Villager (Male) |
| 16:41 | Research | Horse Collar |
| 16:44 | Create | Demolition Raft |
| 16:45 | Create | Demolition Raft |
| 16:55 | Create | Fishing Ship |
| 16:55 | Create | Fishing Ship |
| 17:02 | Create | Villager (Male) |
| 17:06 | Build | Farm |
| 17:08 | Build | Farm |
| 17:11 | Create | Villager (Male) |
| 17:12 | Create | Villager (Male) |
| 17:17 | Build | Farm |
| 17:38 | Build | Fish Trap |
| 17:40 | Build | Fish Trap |
| 17:48 | Research | Castle Age |
| 17:48 | Research | Castle Age |
| 17:55 | Build | Farm |
| 17:55 | Build | Farm |
| 18:01 | Build | Farm |
| 18:24 | Research | Gold Mining |
| 18:29 | Build | Farm |
| 18:34 | Build | Farm |
| 18:55 | Research | Loom |
| 18:56 | Research | Town Watch |
| 19:06 | Create | Fishing Ship |
| 19:06 | Create | Fishing Ship |
| 19:25 | Build | Stable |
| 19:26 | Build | Stable |
| 20:02 | Build | House |
| 20:03 | Build | House |
| 20:08 | Build | House |
| 20:10 | Build | House |
| 20:14 | Age | Castle Age |
| 20:18 | Build | Town Center |
| 20:23 | Create | Villager (Male) |
| 20:25 | Create | Knight |
| 20:25 | Create | Knight |
| 20:26 | Create | Knight |
| 20:39 | Research | Scale Barding Armor |
| 20:40 | Research | Forging |
| 20:44 | Build | Fish Trap |
| 20:49 | Build | Fish Trap |
| 20:50 | Create | Villager (Male) |
| 21:10 | Research | Bow Saw |
| 21:10 | Research | Bow Saw |
| 21:23 | Create | Knight |
| 21:28 | Create | Villager (Male) |
| 21:33 | Create | Villager (Male) |
| 21:33 | Create | Villager (Male) |
| 21:33 | Create | Villager (Male) |
| 21:52 | Create | Knight |
| 22:04 | Build | Town Center |
Match timeline
| 0:56 | Trashclaus · wall_segment Palisade Wall x1 |
| 2:14 | Byzantine · wall_segment Palisade Wall x9 |
| 3:04 | Byzantine · wall_segment Palisade Wall x1 |
| 3:07 | Trashclaus · wall_segment Palisade Wall x1 |
| 3:08 | Trashclaus · wall_segment Palisade Wall x1 |
| 3:09 | Trashclaus · wall_segment Palisade Wall x1 |
| 3:10 | Trashclaus · wall_segment Palisade Wall x1 |
| 3:11 | Trashclaus · wall_segment Palisade Wall x1 |
| 3:28 | Byzantine · wall_segment Palisade Wall x11 |
| 3:32 | Trashclaus · wall_segment Palisade Wall x1 |
| 3:58 | Trashclaus · wall_segment Palisade Wall x3 |
| 4:00 | Trashclaus · wall_segment Palisade Wall x5 |
| 4:13 | Trashclaus · wall_segment Palisade Wall x6 |
| 4:24 | Byzantine · wall_segment Palisade Wall x1 |
| 4:26 | Byzantine · wall_segment Palisade Wall x1 |
| 5:54 | eddie8209 · wall_segment Palisade Wall x7 |
| 6:02 | Pa3k226 · first_building Dock |
| 6:41 | mike · first_building Barracks |
| 6:42 | eddie8209 · wall_segment Palisade Wall x8 |
| 7:11 | Eiseob · wall_segment Palisade Wall x5 |
| 7:56 | BariBhai · first_building Barracks |
| 7:59 | Trashclaus · first_building Dock |
| 8:23 | Eiseob · wall_segment Palisade Wall x7 |
| 8:47 | 70后老菜鸟 · first_building Dock |
| 8:50 | eddie8209 · first_building Dock |
| 8:57 | Eiseob · wall_segment Palisade Wall x1 |
| 9:00 | BariBhai · age_up feudal |
| 9:01 | BariBhai · first_building Stable |
| 10:06 | mike · age_up feudal |
| 10:25 | Pa3k226 · age_up feudal |
| 10:35 | 70后老菜鸟 · first_building Barracks |
| 10:37 | Trashclaus · wall_segment Palisade Wall x2 |
| 10:39 | Trashclaus · wall_segment Palisade Wall x8 |
| 10:54 | Byzantine · age_up feudal |
| 11:04 | Byzantine · first_building Archery Range |
| 11:06 | Pa3k226 · wall_segment Palisade Wall x1 |
| 11:08 | Pa3k226 · wall_segment Palisade Wall x2 |
| 11:10 | Pa3k226 · wall_segment Palisade Wall x3 |
| 11:13 | BariBhai · first_building Dock |
| 11:20 | 70后老菜鸟 · age_up feudal |
| 11:27 | Trashclaus · wall_segment Palisade Wall x6 |
| 11:32 | Trashclaus · wall_segment Palisade Wall x4 |
| 11:42 | Eiseob · age_up feudal |
| 11:43 | Trashclaus · age_up feudal |
| 11:48 | Pa3k226 · first_building Barracks |
| 11:52 | Byzantine · wall_segment Palisade Wall x1 |
| 12:11 | Trashclaus · wall_segment Stone Wall x6 |
| 12:17 | 70后老菜鸟 · wall_segment Stone Wall x11 |
| 12:29 | 70后老菜鸟 · first_building Archery Range |
| 12:39 | Trashclaus · wall_segment Stone Wall x4 |
| 13:26 | mike · wall_segment Stone Wall x3 |
| 13:27 | Pa3k226 · wall_segment Palisade Wall x1 |
| 13:29 | mike · wall_segment Stone Wall x5 |
| 13:42 | Pa3k226 · wall_segment Palisade Wall x1 |
| 13:43 | Pa3k226 · wall_segment Palisade Wall x1 |
| 13:58 | eddie8209 · age_up feudal |
| 14:53 | Eiseob · age_up castle |
| 15:31 | Eiseob · first_market_buy 100 food |
| 16:17 | Trashclaus · first_market_buy 100 food |
| 16:17 | 70后老菜鸟 · wall_segment Palisade Wall x4 |
| 16:18 | Trashclaus · first_market_sell 100 wood |
| 16:19 | 70后老菜鸟 · wall_segment Palisade Wall x6 |
| 16:21 | 70后老菜鸟 · wall_segment Palisade Wall x2 |
| 16:23 | 70后老菜鸟 · wall_segment Palisade Wall x5 |
| 16:24 | 70后老菜鸟 · wall_segment Palisade Wall x5 |
| 16:45 | BariBhai · first_market_sell 100 wood |
| 18:08 | 70后老菜鸟 · wall_segment Stone Wall x4 |
| 18:10 | 70后老菜鸟 · wall_segment Stone Wall x10 |
| 18:18 | eddie8209 · age_up castle |
| 19:01 | Trashclaus · age_up castle |
| 19:07 | Trashclaus · first_building Castle |
| 19:16 | 70后老菜鸟 · wall_segment Palisade Wall x4 |
| 19:25 | Pa3k226 · first_building Stable |
| 19:34 | Eiseob · wall_segment Stone Wall x9 |
| 19:43 | BariBhai · age_up castle |
| 20:14 | Pa3k226 · age_up castle |
| 20:57 | BariBhai · first_market_buy 100 wood |
| 21:08 | Eiseob · wall_segment Stone Wall x4 |
| 21:26 | eddie8209 · first_building Barracks |
| 21:36 | mike · age_up castle |
| 21:55 | BariBhai · first_building Siege Workshop |
| 22:11 | eddie8209 · first_building Stable |
| 22:28 | eddie8209 · first_building Monastery |
| 22:36 | mike · first_market_buy 100 stone |
| 22:49 | Eiseob · wall_segment Stone Wall x8 |
| 22:55 | Byzantine · first_market_buy 100 food |
| 23:54 | Eiseob · first_building Monastery |
| 24:05 | Byzantine · wall_segment Stone Wall x1 |
| 24:09 | Byzantine · wall_segment Stone Wall x1 |
| 24:44 | BariBhai · first_building Monastery |
| 24:44 | eddie8209 · first_market_sell 100 wood |
| 24:48 | Byzantine · wall_segment Stone Wall x11 |
| 24:55 | mike · first_building Siege Workshop |
| 25:49 | Byzantine · age_up castle |
| 26:10 | Pa3k226 · first_building Monastery |
| 26:56 | eddie8209 · first_building Siege Workshop |
| 27:54 | 70后老菜鸟 · first_building Stable |
| 27:56 | Eiseob · first_building Castle |
| 28:06 | eddie8209 · age_up imperial |
| 28:07 | Trashclaus · wall_segment Stone Wall x1 |
| 28:26 | Trashclaus · first_building Monastery |
| 28:52 | mike · wall_segment Stone Wall x3 |
| 29:50 | 70后老菜鸟 · age_up castle |
| 29:55 | 70后老菜鸟 · first_building Siege Workshop |
| 30:49 | Eiseob · first_building Barracks |
| 30:55 | Pa3k226 · age_up imperial |
| 30:56 | Eiseob · age_up imperial |
| 31:08 | eddie8209 · first_building Castle |
| 31:44 | Trashclaus · first_building Siege Workshop |
| 31:49 | mike · first_building Castle |
| 31:49 | BariBhai · first_building Castle |
| 31:52 | Eiseob · first_building Stable |
| 32:17 | Pa3k226 · first_building Siege Workshop |
| 32:33 | 70后老菜鸟 · wall_segment Stone Wall x9 |
| 32:55 | BariBhai · first_building Archery Range |
| 33:16 | 70后老菜鸟 · wall_segment Stone Wall x7 |
| 33:30 | BariBhai · age_up imperial |
| 34:21 | Trashclaus · age_up imperial |
| 34:27 | mike · age_up imperial |
| 35:03 | Pa3k226 · first_market_sell 100 food |
| 35:21 | Byzantine · first_building Castle |
| 35:26 | mike · wall_segment Stone Wall x4 |
| 36:04 | Byzantine · wall_segment Stone Wall x1 |
| 36:47 | Byzantine · first_building Siege Workshop |
| 37:50 | 70后老菜鸟 · first_building Castle |
| 38:08 | Trashclaus · first_building Barracks |
| 38:25 | Byzantine · wall_segment Palisade Wall x1 |
| 38:52 | Byzantine · wall_segment Stone Wall x1 |
| 39:35 | Eiseob · first_market_sell 500 food |
| 39:53 | Byzantine · age_up imperial |
| 39:58 | Byzantine · first_building Barracks |
| 40:10 | BariBhai · wall_segment Stone Wall x1 |
| 40:13 | BariBhai · wall_segment Stone Wall x9 |
| 40:14 | Trashclaus · wall_segment Stone Wall x2 |
| 40:56 | BariBhai · wall_segment Stone Wall x1 |
| 40:57 | BariBhai · wall_segment Stone Wall x1 |
| 40:58 | BariBhai · wall_segment Stone Wall x1 |
| 42:05 | BariBhai · tribute_sent a jugador 1 |
| 42:05 | BariBhai · tribute_sent a jugador 3 |
| 42:05 | BariBhai · tribute_sent a jugador 4 |
| 42:05 | BariBhai · tribute_sent a jugador 5 |
| 42:05 | BariBhai · tribute_sent a jugador 6 |
| 42:05 | BariBhai · tribute_sent a jugador 7 |
| 42:05 | BariBhai · tribute_sent a jugador 8 |
| 42:10 | 70后老菜鸟 · first_market_buy 500 food |
| 42:49 | eddie8209 · tribute_sent a jugador 1 |
| 42:49 | eddie8209 · tribute_sent a jugador 2 |
| 42:49 | eddie8209 · tribute_sent a jugador 4 |
| 42:49 | eddie8209 · tribute_sent a jugador 5 |
| 42:49 | eddie8209 · tribute_sent a jugador 6 |
| 42:49 | eddie8209 · tribute_sent a jugador 7 |
| 42:49 | eddie8209 · tribute_sent a jugador 8 |
| 43:49 | 70后老菜鸟 · first_market_sell 500 stone |
| 44:46 | BariBhai · wall_segment Stone Wall x3 |
| 45:34 | 70后老菜鸟 · age_up imperial |
| 46:56 | mike · first_building Stable |
| 46:59 | mike · first_building Archery Range |
| 47:53 | Trashclaus · tribute_sent a jugador 1 |
| 47:53 | Trashclaus · tribute_sent a jugador 2 |
| 47:53 | Trashclaus · tribute_sent a jugador 3 |
| 47:53 | Trashclaus · tribute_sent a jugador 5 |
| 47:53 | Trashclaus · tribute_sent a jugador 6 |
| 47:53 | Trashclaus · tribute_sent a jugador 7 |
| 47:53 | Trashclaus · tribute_sent a jugador 8 |
| 48:33 | mike · resign |
| 49:51 | Byzantine · first_market_sell 500 food |
| 50:34 | 70后老菜鸟 · first_building Monastery |
| 50:43 | BariBhai · wall_segment Stone Wall x4 |
| 50:44 | BariBhai · wall_segment Stone Wall x4 |
| 50:46 | BariBhai · wall_segment Stone Wall x1 |
| 50:47 | BariBhai · wall_segment Stone Wall x1 |
| 50:50 | BariBhai · wall_segment Stone Wall x1 |
| 50:52 | BariBhai · wall_segment Stone Wall x5 |
| 50:56 | BariBhai · wall_segment Stone Wall x1 |
[ AI ANALYSIS · 1 CREDIT ]
What really happened in this match?
Wolo.gg analyzes every decision: build order, eco, micro, common mistakes by bracket. Personalized analysis on WhatsApp or Discord in 30 seconds.
Civ guide
Persians
Map guide
Black Forest
Perfil
Jugador #1672429